[Event "EU-ch 12th"]
[Site "Aix les Bains"]
[Date "2011.03.30"]
[Round "8"]
[White "Hammer, Jon Ludvig"]
[Black "Mamedov, Rauf"]
[Result "0-1"]
[ECO "B37"]
[WhiteElo "2606"]
[BlackElo "2667"]
[Annotator "Marchand,A/Primel,D"]
[PlyCount "86"]
[EventDate "2011.03.22"]
[EventType "swiss"]
[EventRounds "11"]
[EventCountry "FRA"]
[SourceTitle "CBM 142 Extra"]
[Source "ChessBase"]
[SourceDate "2011.06.27"]
[SourceVersion "1"]
[SourceVersionDate "2011.06.27"]
[SourceQuality "1"]
[TimeControl "40/5400+30:1800+30"]

1. d4 d6 2. Nf3 g6 3. c4 Bg7 4. Nc3 Nf6 5. e4 O-O 6. Be2 c5 7. O-O cxd4 8. Nxd4
Nc6 9. Nc2 $5 (9. Be3 {La grande ligne} Bd7 10. Qd2 Nxd4 11. Bxd4 Bc6 12. f3 a5
13. b3 Nd7 14. Be3 Nc5 15. Rab1 Qb6 16. Rfc1 Rfc8 17. Rc2 Qd8 (17... Qb4 18.
Qc1 $14 )) 9... Nd7 10. Bd2 (10. Be3 Bxc3 11. bxc3
Qa5 $11) 10... a5 (10... b6 11. Rc1) 11. Kh1 Nc5 12. f3 a4 13. Rc1 Be6 14. Be3
(14. Na3 Qb6 15. Rb1 f5 16. Be3 Qa5 17. exf5 Bxf5 18. Rc1 Nb4 19. Nd5 Nxd5 20.
cxd5 Bxb2 21. Nc4 Bxc1 22. Nxa5 Bxe3 23. Nc4 Bg5 24. Nb6 Ra5 25. g4 Bd7 26. Qe1
Bb5 27. Qxa5 Bxe2 28. Qe1 Bxf3+ {Bacrot,E (2713)-Felgaer,R (2573)/Caleta 2010/
CBM 134 Extra/1/2-1/2 (54)}) 14... Ne5 $146 (14... Qb6 {Popovic,P (2545)
-Velimirovic,D (2485) YUG-ch playoff 1997 (1) 1-0}) 15. Na3 Nc6 16. Qd2 Qa5 17.
Nab5 Ne5 (17... a3 18. Nxa3 Bxc3 19. Qxc3 (19. Rxc3 Na4) 19... Qxc3 20. Rxc3
Na4 21. Rc2 Nxb2 $1) 18. Nd5 Bxd5 19. Qxd5 (19. cxd5 Ned3 $132 ) 19... Nc6 20. Rb1 Nb4 $1 21. Qd1 Qd8 (21... Nxa2 22. Bd2
) 22. a3 Nc6 23. Qc2 Qa5 24. Rbd1 Rac8 25. Rd5 Ne5 26. f4 (26. Bg5 $142 $5 Rfe8
27. f4 Ned7 28. Bg4 $36 ) 26... Ned7 27. Bg4 Nf6
28. Bxc8 Nxd5 29. exd5 Rxc8 30. Bxc5 Rxc5 31. Qe2 Qd8 32. Rc1 (32.
Re1) 32... Qc8 33. Rc2 Qf5 34. g3 h5 (34... g5 $36) 35. Kg2 h4 36. Rd2 Bf6 37.
Nc3 h3+ $36 38. Kf3 Bxc3 39. bxc3 b5 40. Rd4 $2 (40. g4) 40... Rxc4 41. Rd3 g5
42. Qe3 gxf4 43. g4 Qe5 0-1

[Event "Cappelle op 32nd"]
[Site "Cappelle la Grande"]
[Date "2016.02.13"]
[Round "1"]
[White "Gupta, Abhijeet"]
[Black "Song, Michael"]
[Result "1-0"]
[ECO "B37"]
[WhiteElo "2613"]
[BlackElo "2376"]
[Annotator "Primel,D"]
[PlyCount "65"]
[EventDate "2016.02.13"]
[EventType "swiss"]
[EventRounds "9"]
[EventCountry "FRA"]
[SourceTitle "EXT 2017"]
[Source "ChessBase"]
[SourceDate "2016.10.25"]
[SourceVersion "1"]
[SourceVersionDate "2016.10.25"]
[SourceQuality "1"]
[TimeControl "40/5400+30:1800+30"]
[WhiteClock "1:30:00"]
[BlackClock "1:30:00"]

1. Nf3 Nf6 2. c4 g6 3. Nc3 Bg7 4. e4 c5 5. d4 cxd4 6. Nxd4 Nc6 7. Nc2 (7. Be3)
7... O-O 8. Be2 d6 9. O-O Nd7 10. Bd2 (10. Be3 Bxc3 $5) 10...
Nc5 11. f3 f5 $146 (11... a5 12. Kh1 Kh8 13. Rb1 f5 14. exf5 Bxf5 15. Ra1 Nd3
16. b3 Nb2 17. Qb1 Nd4 18. Qxb2 Nxc2 19. Rac1 Nd4 20. Be3 Bd7 21. Rfd1 Nf5 22.
Bf2 Bc6 23. Bd3 Qe8 24. Qe2 Qf7 25. Be4 Rae8 26. Bb6 Be5 27. Bxa5 Qg7 28. Qd2
g5 29. Ne2 Bxe4 30. fxe4 Nh6 31. Bb6 Bxh2 32. Kxh2 Ng4+ 33. Kg1 d5 34. exd5 Qh6
35. Qd4+ {1-0 (35) Laznicka,V (2667)-Polak,T (2512) Czechia 2015}) 12. exf5
gxf5 13. Be3 f4 14. Bf2 Bf5 15. Qd2 Bxc2 $6 16. Qxc2 Bd4 17. Rad1 e5 18. Bd3
$14 Rf6 19. Bxh7+ Kh8 20. Bf5 Bxf2+ 21. Rxf2 Nd4 22. Rxd4 exd4 23.
Nd5 Rf7 24. b4 Qg5 25. Bg4 Nd7 26. Bxd7 Rxd7 27. Re2 Rf7 28. Qd2 Rc8 29. Qxd4+
Qg7 30. Qf2 Rff8 31. Re7 Qa1+ 32. Re1 Qg7 33. Ne7 1-0